 Dungeon Crawl Stone Soup version 0.26.0-18-gc5c842f807 (webtiles) character file.

Game seed: 10402271706634318674

87 hatsuma the Digger (level 4, -1/28 HPs)
             Began as a Gargoyle Earth Elementalist on Jan 23, 2021.
             Slain by a worm (8 damage)
             ... on level 3 of the Dungeon.
             The game lasted 00:14:54 (1300 turns).

hatsuma the Digger (Gargoyle Earth Elementalist)    Turns: 1300, Time: 00:14:55

Health: -1/28      AC: 14    Str: 13    XL:     4   Next: 51%
Magic:  7/7        EV: 11    Int: 15    God:
Gold:   118        SH:  0    Dex: 10    Spells: 1/7 levels left

rFire    . . .     SeeInvis .   j - +1 mace (protect)
rCold    . . .     Faith    .   (no shield)
rNeg     + . .     Spirit   .   h - +0 leather armour
rPois    ∞         Reflect  .   (no helmet)
rElec    +         Harm     .   (no cloak)
rCorr    .         Rampage  .   (no gloves)
Will     .....                  a - +0 pair of boots
Stlth    ++........             (no amulet)
HPRegen  0.09/turn              (no ring)
MPRegen  0.10/turn              (no ring)

@: protection aura
A: negative energy resistance 1, electricity resistance, unbreathing,
petrification resistance, miasma immunity, AC +3
a: no special abilities


You were on level 3 of the Dungeon.
You visited 1 branch of the dungeon, and saw 3 of its levels.

You collected 118 gold pieces.

Inventory:

Hand Weapons
 j - a +1 mace of protection (weapon)
Missiles
 b - 94 stones
Armour
 a - a +0 pair of boots (worn)
 c - a +0 robe
 h - a +0 leather armour (worn)
Scrolls
 e - a scroll of fear
 k - 3 scrolls of remove curse
 l - a scroll of amnesia {unknown}
 m - a scroll of enchant weapon {unknown}
Potions
 d - a potion of curing
 f - a potion of magic {unknown}
 g - 2 potions of flight
 n - a potion of lignification {unknown}


   Skills:
 + Level 3.5 Fighting
 - Level 0.4 Maces & Flails
 - Level 1.0 Armour
 - Level 1.5 Dodging
 - Level 2.1 Stealth
 - Level 2.0 Spellcasting
 - Level 1.1 Transmutations
 - Level 4.0 Earth Magic


You had one spell level left.
You knew the following spells:

 Your Spells              Type           Power        Failure   Level
a - Sandblast             Erth           26%          5%          1
b - Passwall              Tmut/Erth      7%           14%         2
c - Stone Arrow           Conj/Erth      14%          36%         3

Your spell library contained the following spells:

 Spells                   Type           Power        Failure   Level
 Petrify                  Tmut/Erth      9%           67%         4
 Lee's Rapid Deconstruct  Erth           6%           83%         5


Dungeon Overview and Level Annotations

Branches:
Dungeon (3/15)

Altars:


Innate Abilities, Weirdness & Mutations

You are resistant to torment.
Your stone body is resilient. (AC +3)
You are immune to poison.
You resist negative energy. (rN+)
You are resistant to electric shocks. (rElec)
You can survive without breathing.
You are immune to petrification.
You are immune to miasma.


Message History

You kill the frilled lizard!
You see here a frilled lizard corpse.
b - 94 stones (gained 1)
You see here a kobold corpse.
Found 4 gold pieces.
A worm comes into view.
The worm moves out of view.
Found 4 boomerangs.
The worm barely misses you.
Found a stone staircase leading down.
You barely miss the worm. You barely miss the worm. The worm misses you.
You hit the worm.
Your weapon exudes an aura of protection.
The worm is moderately wounded.
The worm bites you but does no damage.
You hit the worm.
The worm is heavily wounded.
The worm bites you!
You die...

..... ##.##
#.## ###.#.#
.....
#..###.....
...#
###..####.....#
. .
##.......####
##.......#
#..#.....##
..#.......##
#.........###.#
#......@......#
#......w...##..
....(......##
##.........#
##........#
#..........
#...........
#....>.......


You could see a worm.

Vanquished Creatures
  Ijyb (D:3)
  2 oozes
  An adder skeleton (D:2)
  A worm (D:2)
  2 dart slugs (D:1)
  A leopard gecko (D:2)
  3 hobgoblins
  2 jackals (D:1)
  8 bats
  4 frilled lizards
  6 goblins
  8 kobolds
  4 rats
43 creatures vanquished.

Notes
Turn   | Place    | Note
-------+----------+-------------------------------------------
     0 | D:1      | hatsuma the Gargoyle Earth Elementalist began the quest for
                  | the Orb.
     0 | D:1      | Reached XP level 1. HP: 10/10 MP: 3/3
   196 | D:1      | Reached skill level 1 in Fighting
   215 | D:1      | Reached skill level 1 in Transmutations
   248 | D:1      | Reached XP level 2. HP: 14/16 MP: 3/5
   283 | D:1      | Learned a level 2 spell: Passwall
   572 | D:1      | Reached XP level 3. HP: 21/21 MP: 4/6
   593 | D:1      | Reached skill level 1 in Armour
   597 | D:1      | Learned a level 3 spell: Stone Arrow
   764 | D:1      | Reached skill level 4 in Earth Magic
  1196 | D:2      | Reached XP level 4. HP: 27/27 MP: 5/7
  1203 | D:3      | Noticed Ijyb
  1251 | D:3      | Killed Ijyb
  1300 | D:3      | Slain by a worm

Illustrated notes

Levels and vault maps discovered:
D:1:      mrwooster_arrival_statue_3, layout_basic,
          chequers_serial_rivers_micro_d, chequers_serial_rivers_micro_b
D:2:      layout_rooms, hangedman_feature_mirror, nrook_mini_backslash
D:3:      layout_rooms, nicolae_qazlal_general_emergency, skrybe_limestone_x,
          hangedman_decor_push, dk_yredelemnul_ordeal, uniq_ijyb

Skill      XL: |  1  2  3  4 |
---------------+-------------+-----
Fighting       | 1 2 3 |  3.5
Transmutations | 1 |  1.1
Armour         | 1 |  1.0
Earth Magic    | 4 |  4.0
Maces & Flails | |  0.4
Dodging        | |  1.5
Stealth        | |  2.1
Spellcasting   | |  2.0

Action                   |  1- 3 |  4- 6 || total
-------------------------+-------+-------++-------
Melee: Whip              |    16 |       ||    16
       Unarmed           |     1 |    31 ||    32
       Mace              |    51 |    21 ||    72
 Cast: Sandblast         |    31 |       ||    31
  Use: Scroll            |     4 |       ||     4
 Stab: Sleeping          |     2 |       ||     2
Armor: Leather armour    |    37 |    26 ||    63
Dodge: Dodged            |    49 |    96 ||   145
